 Dungeon Crawl Stone Soup version 0.31-a0-543-geaa9c7a2c0 (webtiles) character file.

Game seed: 10043553424047980445

46 Ethylacetat the Ducker (level 3, 0/25 HPs)
             Began as an Octopode Gladiator on Aug 15, 2023.
             Succumbed to Sigmund's poison
             ... on level 2 of the Dungeon.
             The game lasted 00:01:27 (1050 turns).

Ethylacetat the Ducker (Octopode Gladiator)         Turns: 1050, Time: 00:01:28

Health: 0/25       AC:  1    Str: 19    XL:     3   Next: 68%
Magic:  3/3        EV: 14    Int: 10    God:
Gold:   46         SH:  0    Dex: 15    Spells: 2/2 levels left

rFire   . .          .
                       - Unarmed
rCold   . . .        (no shield)
rNeg    . . .        a - +0 hat
rPois   .            (no amulet)
rElec   .            e - ring of resist corrosion
rCorr   +            i - +6 ring of strength
SInv    .            (no ring)
Will    .....        (no ring)
Stlth   ++           (no ring)
HPRegen 0.24/turn    (no ring)
MPRegen 0.08/turn    (no ring)
                     (no ring)

%: no passive effects
@: lethally poisoned (0 -> -13), hasted, very quick
A: almost no armour, amphibious, 8 rings, camouflage 1, gelatinous body 1,
(nimble swimmer 1), tentacles
a: no special abilities


You were on level 2 of the Dungeon.
You visited 1 branch of the dungeon, and saw 2 of its levels.

You collected 46 gold pieces.

Inventory:

Missiles
 b - 3 throwing nets (quivered)
 c - a javelin
Armour
 a - a +0 hat (worn)
Jewellery
 e - a ring of resist corrosion (left tentacle)
 i - a +6 ring of strength (right tentacle)
Wands
 k - a wand of polymorph (6)
Scrolls
 d - a scroll of teleportation {unknown}
 f - a scroll of poison {unknown}
 g - a scroll of fog {unknown}
 h - 2 scrolls of identify {unknown}


   Skills:
 + Level 2.4 Fighting
 - Level 2.0 Throwing
 + Level 3.3 Dodging
 + Level 3.3 Unarmed Combat
 * Level 1.4 Shapeshifting


You had 2 spell levels left.
You didn't know any spells.
Your spell library was empty.

Dungeon Overview and Level Annotations

Branches:
Dungeon (2/15)

Altars:

Shops:
D:1 **:

Annotations:
D:2 Sigmund


Innate Abilities, Weirdness & Mutations

You cannot wear most types of armour.
You are amphibious.
You can wear up to eight rings at the same time.
Your skin changes colour to match your surroundings (Stealth+).
Your rubbery body absorbs attacks. (AC +1, EV +1)
((You are camouflaged when in or above water. (Stealth+)))
You have tentacles for arms and can constrict up to eight enemies at once.


Message History

You tentacle-slap the rat.
You kill the rat!
You see here a rat corpse.
You now have 46 gold pieces (gained 4).
Found a falchion.
No target in view!
You see here a +0 falchion.
Sigmund the Dreaded comes into view.
He is wielding a +0 scythe of venom.
Found a plate armour.
Sigmund is nearby!
Sigmund is nearby!
Sigmund shouts!
Sigmund gestures at you while chanting. The puff of flame hits you!
Sigmund misses you.
You closely miss Sigmund. Your grab misses Sigmund. You closely miss Sigmund.
Your grab misses Sigmund. Your squeeze misses Sigmund.
Sigmund closely misses you.
You closely miss Sigmund. You grab Sigmund. You constrict Sigmund.
You bludgeon Sigmund! You squeeze Sigmund, but do no damage.
Sigmund is heavily wounded.
You constrict Sigmund, but do no damage.
Sigmund hits you with a +0 scythe of venom!
You are lethally poisoned!
You are too injured to fight recklessly!
You are too injured to fight recklessly!
You are too injured to fight recklessly!
It was a potion of haste.
You feel yourself speed up.
You constrict Sigmund.
* * * LOW HITPOINT WARNING * * *
You feel very sick. Sigmund barely misses you.
You tentacle-slap Sigmund but do no damage.
Sigmund is heavily wounded.
You constrict Sigmund, but do no damage.
* * * LOW HITPOINT WARNING * * *
You feel very sick.
You tentacle-slap Sigmund.
Sigmund is almost dead.
You constrict Sigmund.
You die...

..# ##...# #....
#.## ##.#..#
##### #
#..###.##..# .
#...#.###..# .#
#.#[.#.## #..# #
#..#.##.######..#
#
#...............
####
#..#.............
.... ####@#######
### #@# # ... #
##..# ...# ...#
#..# #...


You could see Sigmund.

Vanquished Creatures
  Jessica (D:2)
  5 endoplasms
  2 giant cockroaches (D:1)
  A hobgoblin (D:1)
  3 kobolds (D:1)
  A quokka (D:1)
  A bat (D:1)
  A frilled lizard (D:1)
  5 rats
20 creatures vanquished.

Notes
Turn   | Place    | Note
-------+----------+-------------------------------------------
     0 | D:1      | Ethylacetat the Octopode Gladiator began the quest for the
                  | Orb.
     0 | D:1      | Reached XP level 1. HP: 14/14 MP: 1/1
   230 | D:1      | Reached XP level 2. HP: 19/19 MP: 2/2
   266 | D:1      | Found Dajuased's General Store.
   432 | D:1      | Found Qipreb's Book Shop.
   501 | D:1      | Found Paojen's Assorted Antiques.
   549 | D:1      | Reached skill level 1 in Shapeshifting
   809 | D:2      | Found a faded altar of an unknown god.
   848 | D:2      | Noticed Jessica
   854 | D:2      | Killed Jessica
   855 | D:2      | Reached XP level 3. HP: 25/25 MP: 3/3
  1038 | D:2      | Noticed Sigmund
  1050 | D:2      | Succumbed to Sigmund's poison

Illustrated notes

Levels and vault maps discovered:
D:1:      minmay_arrival_semitransparent, layout_basic, serial_shops, shop,
          shop, shop, st_stairs_12, chequers_serial_rivers_room_a,
          patterned_corridor
D:2:      layout_loops_ring, basic_ecumenical_altar, uniq_jessica, uniq_sigmund

Skill      XL: |  1  2 |
---------------+-------+-----
Shapeshifting  | 1 |  1.4
Fighting       | |  2.4
Throwing       | |  2.0
Dodging        | |  3.3
Unarmed Combat | |  3.3

Action                     || total
---------------------------++-------
  Melee: Unarmed           ||    53
         Constrict         ||     8
         Tentacles         ||     7
         Punch             ||     1
    Use: Potion            ||     1
   Stab: Sleeping          ||     7
 Armour: Skin              ||     4
  Dodge: Dodged            ||    27

Table legend: (Time is in decaauts)
 A = Elapsed time spent in this place.
 B = Non-inter-level travel time spent in this place.
 C = Inter-level travel time spent in this place.
 D = Time resting spent in this place.
 E = Time spent auto-exploring this place.
 F = Levels seen in this place.
 G = Mean time per level.
                   A        B        C        D        E       F      G
               +--------+--------+--------+--------+--------+-----+--------+
         Total |   1045 |    991 |     54 |      0 |    811 |   2 |  522.5 |
       Dungeon |   1045 |    991 |     54 |      0 |    811 |   2 |  522.5 |
               +--------+--------+--------+--------+--------+-----+--------+

Top non-repeatable levels by time:
     D:1: 746 daAuts
     D:2: 299 daAuts
